 Dungeon Crawl Stone Soup version 0.30-a0-365-ge7f957f1db (webtiles) character file.

Game seed: 12598293291893804820

256 manon the Sneak (level 5, -7/21 HPs)
             Began as a Felid Hedge Wizard on Nov 11, 2022.
             Was an Initiate of Gozag.
             Mangled by an orc priest
             ... wielding a +0 flail
              (8 damage)
             ... on level 6 of the Dungeon on Nov 16, 2022.
             The game lasted 00:51:54 (6936 turns).

manon the Sneak (Felid Hedge Wizard)                Turns: 6936, Time: 00:51:54

Health: -7/21      AC:  1    Str: 12    XL:     5   Next: 92%
Magic:  5/10       EV: 22    Int: 18    God:    Gozag
Gold:   223        SH:  0    Dex: 15    Spells: 4/10 levels left
                                        Lives:  0   Deaths: 1

rFire   . . .      SeeInvis +    (weapon unavailable)
rCold   . . .      Faith    .    (shield unavailable)
rNeg    . . .      Spirit   .    (body armour unavailable)
rPois   .          Reflect  .    (helmet unavailable)
rElec   .          Harm     .    (cloak unavailable)
rCorr   .          Rampage  .    (gloves unavailable)
Will    .....                    (boots unavailable)
Stlth   +++.......               (no amulet)
HPRegen 0.23/turn                u - +6 ring of strength
MPRegen 0.12/turn                o - +4 ring of evasion

@: gold aura, quick
A: very small, claws 1, fangs 3, see invisible, speed 1, shaggy fur 1, stealthy
paws, no weapons or thrown items, no armour, multi-lived
a: Renounce Religion, Potion Petition, Call Merchant, Bribe Branch


You were on level 6 of the Dungeon.
You worshipped Gozag.
Gozag was aware of your devotion.
You visited 2 branches of the dungeon, and saw 7 of its levels.

You collected 288 gold pieces.
You paid 65 gold pieces to Gozag.

Inventory:

Jewellery
 f - a ring of willpower
 g - a ring of willpower
 o - a +4 ring of evasion (right paw)
 r - a ring of willpower
 u - a +6 ring of strength (left paw)
Scrolls
 c - 2 scrolls of vulnerability
 d - a scroll of acquirement {unknown}
 e - 2 scrolls of identify {unknown}
 h - a scroll of poison {unknown}
 i - a scroll of fear {unknown}
 j - 2 scrolls of enchant weapon {unknown}
 n - a scroll of teleportation {unknown}
 p - a scroll of summoning {unknown}
Potions
 a - a potion of magic
 b - a potion of mutation {unknown}
 k - a potion of invisibility {unknown}
 l - a potion of haste {unknown}
 m - a potion of berserk rage {unknown}
 s - a potion of heal wounds {unknown}
 t - a potion of degeneration {unknown}


   Skills:
 - Level 3.5 Dodging
 + Level 4.8 Stealth
 - Level 3.0 Spellcasting
 - Level 4.0 Conjurations
 + Level 3.6 Summonings
 - Level 1.5 Translocations


You had 4 spell levels left.
You knew the following spells:

 Your Spells              Type           Power      Damage    Failure   Level
a - Magic Dart            Conj           68%        1d6       3%          1
b - Call Imp              Summ           15%        N/A       5%          2
c - Call Canine Familiar  Summ           15%        N/A       11%         3

Your spell library contained the following spells:

 Spells                   Type           Power      Damage    Failure   Level
 Summon Small Mammal      Summ           60%        N/A       3%          1
 Blink                    Tloc           16%        N/A       13%         2
 Slow                     Hex            8%         N/A       16%         1
 Cigotuvi's Dreadful Rot  Necr/Pois/Air  4%         N/A       24%         2
 Summon Guardian Golem    Hex/Summ       9%         N/A       24%         3
 Mephitic Cloud           Conj/Pois/Air  7%         N/A       28%         3


Dungeon Overview and Level Annotations

Branches:
Dungeon (6/15)             Temple (1/1) D:4

Altars:
Ashenzari
Cheibriados
Dithmenos
Elyvilon
Gozag
Hepliaklqana
Kikubaaqudgha
Nemelex Xobeh
Okawaru
Ru
Sif Muna
Trog
Uskayaw
Vehumet
Wu Jian
Yredelemnul
Zin
The Shining One

Annotations:
D:1 exclusion: gnoll
D:2 exclusion: adder
D:4 exclusions: hound and ogre
D:5 exclusion: wight, Eustachio, Menkaure, Sigmund
D:6 3 runed translucent doors, Tenar's ghost, novice GrEE; minbekrie's ghost, novice TrFi; sirelderling's ghost, novice MiFi


Innate Abilities, Weirdness & Mutations

You have sharp claws.
You have razor-sharp teeth.
You have supernaturally acute eyesight. (SInv)
You cover ground quickly. (Speed+)
You are covered in fur. (AC +1)
Your paws help you pounce on unaware monsters.
You are incapable of wielding weapons or throwing items.
You cannot wear armour.
You gain extra lives every three experience levels.


Message History

You completely miss the orc wizard. You bite the orc wizard.
You kill the orc wizard!
The orc wizard hits your crimson imp with a +0 dagger.
Your crimson imp closely misses the orc wizard.
You barely miss the orc priest.
The orc priest is distracted by your dazzling golden aura.
The orc wizard hits your crimson imp with a +0 dagger.
Your crimson imp hits the orc wizard.
The orc priest shouts!
You scratch the orc priest but do no damage.
The orc priest is no longer distracted by gold.
The orc priest invokes the aid of Beogh against you.
Beogh smites you!
Ouch! That really hurt!
* * * LOW HITPOINT WARNING * * *
The orc wizard hits your crimson imp but does no damage.
Your crimson imp hits the orc wizard.
You scratch the orc priest.
The orc priest is lightly wounded.
The orc priest misses you. The orc wizard misses your crimson imp.
Your crimson imp hits the orc wizard.
You scratch the orc priest.
The orc priest is moderately wounded.
The orc priest hits you with a +0 flail.
* * * LOW HITPOINT WARNING * * *
The orc wizard hits your crimson imp with a +0 dagger.
Your crimson imp completely misses the orc wizard.
Okay, then.
Okay, then.
You aren't carrying any items that you can evoke.
Unknown command.
Unknown command.
Aiming: Magic Dart (safe; 3% risk of failure)
Press: ? - help, Q - select action, (/) - cycle Shift-Dir - straight line, f - orc priest
Aim: an orc priest, wielding a +0 flail and wearing a +0 chain mail (moderately wounded, 100% to hit)
The magic dart hits the orc priest but does no damage.
The orc priest is moderately wounded.
The orc priest hits you with a +0 flail!
You die...
Your body crumbles into a pile of gold.

######### ##
#.......#
#######<##.#####.#
#.....#.##.# #.#
#.###.#.##.# #.#
#.###.#.##.# #.#
#.#.#.#.##.#####@#
............o5.o>#
....#.#.....####.#
###
....#.#o###.#..#.#
####.#
....#.#.###.#....#
#....#
....#.#o#...#.##.##
#.##.#
......#.#.#.......#
#.##.###
......#.#.#.#.##..#
#.##...# ......#.#
#.#..<..# #.####.#


You could see an orc priest, an orc wizard (ally target) and a friendly crimson
imp (summoned).

Vanquished Creatures
  A jelly (D:5)
  An orc wizard (D:6)
  4 adders
  8 orcs
  3 endoplasms
  A giant cockroach (D:1)
  5 hobgoblins
  A jackal (D:3)
  5 quokkas
  9 ball pythons
  4 bats
  3 frilled lizards
  9 goblins
  A goblin skeleton (D:3)
  3 hobgoblin zombies (D:3)
  6 kobolds
  2 kobold skeletons (D:3)
  2 kobold zombies (D:3)
  An orc skeleton (D:3)
  3 orc zombies (D:3)
  4 rats
76 creatures vanquished.

Vanquished Creatures (collateral kills)
  A necrophage (D:6)
  A scorpion (D:4)
  A crimson imp (D:3)
  An orc priest (D:5)
  A white imp (D:6)
  A worm (D:4)
  3 orcs
  An endoplasm (D:4)
10 creatures vanquished.

Grand Total: 86 creatures vanquished

Notes
Turn   | Place    | Note
-------+----------+-------------------------------------------
     0 | D:1      | manon the Felid Hedge Wizard began the quest for the Orb.
     0 | D:1      | Reached XP level 1. HP: 7/7 MP: 5/5
    57 | D:1      | Reached skill level 1 in Conjurations
   391 | D:1      | Reached XP level 2. HP: 11/11 MP: 5/7
  1327 | D:1      | Reached XP level 3. HP: 14/14 MP: 3/8
  1330 | D:1      | Learned a level 2 spell: Call Imp
  2777 | D:3      | Noticed a scorpion
  3016 | D:3      | Reached XP level 4. HP: 18/18 MP: 4/9
  3540 | D:3      | Found a glowing golden altar of the Shining One.
  4816 | D:4      | Noticed a scorpion
  4827 | D:4      | Found a sparkling altar of Nemelex Xobeh.
  4921 | D:4      | Killed a scorpion
  4922 | D:4      | Reached XP level 5. HP: 21/21 MP: 5/10
  5021 | D:4      | Found a staircase to the Ecumenical Temple.
  5030 | Temple   | Entered the Ecumenical Temple
  5123 | Temple   | Became a worshipper of Gozag Ym Sagoz the Greedy
  5323 | D:4      | Noticed an ogre
  5771 | D:5      | Entered Level 5 of the Dungeon
  5874 | D:5      | Noticed Eustachio
  5978 | D:5      | Noticed a sky beast
  5993 | D:5      | Noticed Menkaure
  5996 | D:5      | Killed from afar by an orc priest
  5997 | D:5      | Reached XP level 4. HP: -5/18 MP: 6/9
  6139 | D:5      | Reached XP level 5. HP: 16/21 MP: 0/10
  6161 | D:5      | Found a radiant altar of Vehumet.
  6289 | D:4      | Upgraded the game from 0.30-a0-359-gd0147acb1a to
                  | 0.30-a0-365-ge7f957f1db
  6364 | D:5      | Noticed Sigmund
  6396 | D:6      | Learned a level 3 spell: Call Canine Familiar
  6806 | D:6      | Found a basalt altar of Yredelemnul.
  6832 | D:6      | Found a runed translucent gate.
  6832 | D:6      | Found a runed translucent gate.
  6832 | D:6      | Found a runed translucent gate.
  6832 | D:6      | Noticed sirelderling's ghost (novice MiFi)
  6832 | D:6      | Noticed Tenar's ghost (novice GrEE)
  6833 | D:6      | Noticed minbekrie's ghost (novice TrFi)
  6935 | D:6      | HP: 1/21 [orc priest/+0 flail (2)]
  6936 | D:6      | Mangled by an orc priest

Illustrated notes

Levels and vault maps discovered:
D:1:      amcnicky_arrival_gap_in_the_tavern_cellar, layout_basic
D:2:      layout_basic, nrook_uturn, hex_large
D:3:      layout_loops_ring, nicolae_tso_besieged_by_evil
D:4:      layout_basic, lemuel_tele_altar, minmay_temple_entry_waves
D:5:      layout_cave_pools, fiery_altar_vehumet,
          nicolae_qazlal_general_emergency, uniq_sigmund, uniq_menkaure,
          uniq_eustachio
D:6:      layout_basic, lightli_temple_of_fire, yredelemnul_altar_generic,
          gammafunk_ghost_cemetery
Temple:   jpeg_temple_clearing

Skill      XL: |  1  2  3  4  5 |
---------------+----------------+-----
Conjurations   | 1 2 3 4 |  4.0
Stealth        | 3 4 |  4.8
Summonings     | 3 |  3.6
Dodging        | 3 |  3.5
Spellcasting   | |  3.0
Translocations | |  1.5

Action                   |  1- 3 |  4- 6 || total
-------------------------+-------+-------++-------
Melee: Unarmed           |    11 |    19 ||    30
       Bite              |     1 |     4 ||     5
 Cast: Magic Dart        |   106 |   106 ||   212
       Call Imp          |       |    19 ||    19
  Use: Scroll            |       |     1 ||     1
       Potion            |       |     1 ||     1
 Stab: Sleeping          |     4 |     1 ||     5
Armor: Skin              |     1 |     2 ||     3
Dodge: Dodged            |    10 |    39 ||    49

Table legend: (Time is in decaauts)
 A = Elapsed time spent in this place.
 B = Non-inter-level travel time spent in this place.
 C = Inter-level travel time spent in this place.
 D = Time resting spent in this place.
 E = Time spent auto-exploring this place.
 F = Levels seen in this place.
 G = Mean time per level.
                   A        B        C        D        E       F      G
               +--------+--------+--------+--------+--------+-----+--------+
         Total |   6008 |   5546 |    462 |   1829 |    607 |   7 |  858.3 |
       Dungeon |   5919 |   5487 |    432 |   1829 |    569 |   6 |  986.5 |
        Temple |     88 |     59 |     29 |      0 |     38 |   1 |   88.0 |
               +--------+--------+--------+--------+--------+-----+--------+

Top non-repeatable levels by time:
     D:3: 1577 daAuts
     D:1: 1421 daAuts
     D:4: 1386 daAuts
     D:2: 783 daAuts
     D:6: 464 daAuts
     D:5: 286 daAuts
  Temple: 88 daAuts
